 Dungeon Crawl Stone Soup version 0.30.0-5-g1a98f26d00 (webtiles) character file.

Game seed: 3677126553973870742

208 Vontreibholz the Protected (level 5, -2/41 HPs)
             Began as a Gnoll Wanderer on May 8, 2023.
             Slain by a hobgoblin
             ... wielding a +0 club
              (4 damage)
             ... on level 4 of the Dungeon.
             The game lasted 00:18:44 (2293 turns).

Vontreibholz the Protected (Gnoll Wanderer)         Turns: 2293, Time: 00:18:44

Health: -2/41      AC: 13    Str: 14    XL:     5   Next: 86%
Magic:  9/9        EV: 10    Int: 10    God:
Gold:   67         SH:  0    Dex: 10    Spells: 10/10 levels left

rFire   . . .        q - +1 long sword (heavy)
rCold   . . .        (no shield)
rNeg    . . .        b - +0 chain mail
rPois   +            i - +0 helmet
rElec   .            (no cloak)
rCorr   .            (no gloves)
SInv    .            (no boots)
Will    +....        (no amulet) Stlth
                     o - ring of willpower
HPRegen 0.26/turn    r - +5 ring of evasion
MPRegen 0.11/turn

%: no passive effects
@: grasped by roots, constricted
A: fangs 1, strong nose, distributed training, poison resistance, weak 1
a: no special abilities


You were on level 4 of the Dungeon.
You visited 1 branch of the dungeon, and saw 4 of its levels.

You collected 67 gold pieces.

Inventory:

Hand Weapons
 a - a +0 sling
 f - a +0 dagger
 k - a +2 short sword of protection
 q - a +1 heavy long sword (weapon)
Missiles
 h - 23 stones
 m - 5 javelins
Armour
 b - a +0 chain mail (worn)
 g - a +0 leather armour
 i - a +0 helmet (worn)
Magical Staves
 e - a staff of cold
Jewellery
 l - a ring of fire
 o - a ring of willpower (left hand)
 r - a +5 ring of evasion (right hand)
Wands
 j - a wand of flame (23)
Scrolls
 d - a scroll of blinking
 p - a scroll of magic mapping
Potions
 n - a potion of cancellation


   Skills:
 + Level 3.1 Fighting
 + Level 1.7 Short Blades
 + Level 1.7 Long Blades
 + Level 1.7 Axes
 + Level 1.7 Maces & Flails
 + Level 1.7 Polearms
 + Level 1.7 Staves
 + Level 4.9 Ranged Weapons
 + Level 3.1 Throwing
 + Level 10.5 Armour
 + Level 1.7 Dodging
 + Level 1.7 Stealth
 + Level 1.7 Shields
 + Level 1.7 Unarmed Combat
 + Level 3.3 Spellcasting
 + Level 1.3 Conjurations
 + Level 1.3 Hexes
 + Level 1.3 Summonings
 + Level 1.3 Necromancy
 + Level 1.3 Translocations
 + Level 1.3 Transmutations
 + Level 1.3 Fire Magic
 + Level 1.3 Ice Magic
 + Level 1.3 Air Magic
 + Level 1.3 Earth Magic
 + Level 1.3 Poison Magic
 + Level 2.0 Invocations
 + Level 1.7 Evocations


You had 10 spell levels left.
You didn't know any spells.
Your spell library contained the following spells:

 Spells                   Type           Power      Damage    Failure   Level
 Beastly Appendage        Tmut           8%         N/A       83%         1
 Wereblood                Tmut           4%         N/A       93%         2
 Dazzling Flash           Conj/Hex       8%         N/A       99%         3
 Spider Form              Tmut/Pois      4%         N/A       99%         3
 Volatile Blastmotes      Fire/Tloc      8%         2d10      99%         3
 Iskenderun's Mystic Bla  Conj/Tloc      4%         2d3       100%        4
 Blade Hands              Tmut           2%         N/A       100%        5
 Irradiate                Conj/Tmut      2%         3d12      100%        5
 Starburst                Conj/Fire      2%         6d3       100%        6
 Dragon Form              Tmut           2%         N/A       100%        7


Dungeon Overview and Level Annotations

Branches:
Dungeon (4/15)
 Temple: D:4-7

Altars:
Uskayaw

Annotations:
D:4 Natasha


Innate Abilities, Weirdness & Mutations

You have very sharp teeth.
Your uncanny sense of smell can sniff out nearby items.
Your experience applies equally to all skills.
Your system is resistant to poisons. (rPois)
You are weak. (Str -2)


Message History

Natasha mumbles some strange words.
You slash Natasha! Your bite misses Natasha.
Natasha is almost dead.
The hound skeleton barely misses you. x2; The hobgoblin barely misses you.
Natasha zaps a wand.
The roots erupt in riotous growth!
The grasping roots grab you!
The hound skeleton is unaffected.
Natasha is unaffected.
The hobgoblin is unaffected.
The grasping roots constrict you.
The hound skeleton completely misses you.
The hobgoblin hits you with a +0 club.
You escape the roots grasp.
Natasha attacks as you move away! Natasha barely misses you.
The hobgoblin attacks as you move away! The hobgoblin barely misses you.
The hound skeleton closely misses you. Natasha misses you.
The hound skeleton bites you but does no damage.
Natasha zaps a wand.
The roots erupt in riotous growth!
The grasping roots grab you!
Natasha is unaffected.
The hound skeleton is unaffected.
The phantom is unaffected.
The grasping roots constrict you.
You hit the hound skeleton.
The hound skeleton is severely damaged.
The hound skeleton barely misses you.
The hound skeleton completely misses you.
The cerulean imp hits you but does no damage.
The phantom closely misses you. Natasha claws you but does no damage.
The grasping roots constrict you!
* * * LOW HITPOINT WARNING * * *
The cerulean imp barely misses you. The phantom barely misses you.
Natasha barely misses you. The grasping roots constrict you.
* * * LOW HITPOINT WARNING * * *
You barely miss the hobgoblin. The cerulean imp barely misses you.
The hobgoblin closely misses you.
The phantom hits you but does no damage.
Natasha claws you.
* * * LOW HITPOINT WARNING * * *
The grasping roots constrict you.
* * * LOW HITPOINT WARNING * * *
The cerulean imp hits you but does no damage.
The phantom barely misses you. The hobgoblin hits you with a +0 club.
You die...

#...8...#
#....... #......
#.....# #.....###
#.......# #.....#
####.@.## .
..#hgW.# . #
#.#5Z..#.#
.#.###.#Z##.#.#
..............#
...#.#..#...#####
........#........
.....##.#.#######
##### #.#.#


You could see a phantom, Natasha, a cerulean imp (summoned), a hobgoblin and 2
hound skeletons.

Vanquished Creatures
  Natasha (twice) (D:4)
  10 adders
  A worm (D:2)
  A dart slug (D:2)
  2 orcs (D:3)
  4 endoplasms
  3 giant cockroaches (D:1)
  4 goblins
  11 hobgoblins
  2 quokkas
  4 ball pythons
  3 bats
  2 frilled lizards
  7 kobolds
  11 rats
67 creatures vanquished.

Notes
Turn   | Place    | Note
-------+----------+-------------------------------------------
     0 | D:1      | Reached skill level 10 in Armour
     0 | D:1      | Vontreibholz the Gnoll Wanderer began the quest for the
                  | Orb.
     0 | D:1      | Vontreibholz set off with the following items: a +0 sling,
                  | a +0 chain mail, a potion of curing, a scroll of blinking.
     0 | D:1      | Reached XP level 1. HP: 17/17 MP: 4/4
   343 | D:1      | Reached XP level 2. HP: 22/23 MP: 5/5
   805 | D:2      | Reached XP level 3. HP: 13/28 MP: 7/7
   841 | D:2      | Gained mutation: You are weak. (Str -2) [potion of
                  | mutation]
   841 | D:2      | Gained mutation: Your system is resistant to poisons.
                  | (rPois) [potion of mutation]
   911 | D:2      | Found a faded altar of an unknown god.
   947 | D:2      | Reached skill level 1 in Invocations
  1021 | D:2      | Reached skill level 1 in Short Blades
  1021 | D:2      | Reached skill level 1 in Long Blades
  1021 | D:2      | Reached skill level 1 in Axes
  1021 | D:2      | Reached skill level 1 in Maces & Flails
  1021 | D:2      | Reached skill level 1 in Polearms
  1021 | D:2      | Reached skill level 1 in Staves
  1021 | D:2      | Reached skill level 1 in Dodging
  1021 | D:2      | Reached skill level 1 in Stealth
  1021 | D:2      | Reached skill level 1 in Shields
  1021 | D:2      | Reached skill level 1 in Unarmed Combat
  1021 | D:2      | Reached skill level 1 in Evocations
  1057 | D:2      | Reached XP level 4. HP: 34/34 MP: 8/8
  1391 | D:3      | Reached skill level 1 in Conjurations
  1391 | D:3      | Reached skill level 1 in Hexes
  1391 | D:3      | Reached skill level 1 in Summonings
  1391 | D:3      | Reached skill level 1 in Necromancy
  1391 | D:3      | Reached skill level 1 in Translocations
  1391 | D:3      | Reached skill level 1 in Transmutations
  1391 | D:3      | Reached skill level 1 in Fire Magic
  1391 | D:3      | Reached skill level 1 in Ice Magic
  1391 | D:3      | Reached skill level 1 in Air Magic
  1391 | D:3      | Reached skill level 1 in Earth Magic
  1391 | D:3      | Reached skill level 1 in Poison Magic
  1528 | D:3      | Found a hide-covered altar of Uskayaw.
  1587 | D:3      | Reached XP level 5. HP: 39/40 MP: 9/9
  2239 | D:4      | Noticed Natasha
  2246 | D:4      | Killed Natasha
  2249 | D:4      | Noticed a phantom
  2251 | D:4      | Noticed Natasha
  2258 | D:4      | Killed Natasha
  2271 | D:4      | Noticed Natasha
  2293 | D:4      | HP: 2/41 [constriction (2)]
  2293 | D:4      | Slain by a hobgoblin

Illustrated notes

Levels and vault maps discovered:
D:1:      dpeg_arrival_solitude, layout_rooms
D:2:      layout_rooms, hellmonk_ecumenical_altar_heavens_door
D:3:      layout_basic, nicolae_uskayaw_dance_hall, nicolae_half_adder
D:4:      layout_loops_cross, mainiacjoe_overflow_alcove_4, serial_undead,
          serial_undead_f, serial_undead_d, serial_undead_f, serial_undead_a,
          dreamdust_princess_corridor, uniq_natasha, uniq_crazy_yiuf_cottage,
          uniq_edmund

Skill      XL: |  1  2  3  4  5 |
---------------+----------------+-----
Armour         | | 10.5
Invocations    | 1 2 |  2.0
Short Blades   | 1 |  1.7
Long Blades    | 1 |  1.7
Axes           | 1 |  1.7
Maces & Flails | 1 |  1.7
Polearms       | 1 |  1.7
Staves         | 1 |  1.7
Dodging        | 1 |  1.7
Stealth        | 1 |  1.7
Shields        | 1 |  1.7
Unarmed Combat | 1 |  1.7
Evocations     | 1 |  1.7
Spellcasting   | 3 |  3.3
Conjurations   | 1 |  1.3
Hexes          | 1 |  1.3
Summonings     | 1 |  1.3
Necromancy     | 1 |  1.3
Translocations | 1 |  1.3
Transmutations | 1 |  1.3
Fire Magic     | 1 |  1.3
Ice Magic      | 1 |  1.3
Air Magic      | 1 |  1.3
Earth Magic    | 1 |  1.3
Poison Magic   | 1 |  1.3
Fighting       | 3 |  3.1
Throwing       | 3 |  3.1
Ranged Weapons | |  4.9

Action                     |  1- 3 |  4- 6 || total
---------------------------+-------+-------++-------
  Melee: Dagger            |    23 |       ||    23
         Short sword       |   165 |    67 ||   232
         Bite              |    17 |     7 ||    24
         Punch             |     2 |     1 ||     3
         Long sword        |       |    45 ||    45
   Fire: Sling             |     6 |       ||     6
  Evoke: Wand              |       |     1 ||     1
    Use: Scroll            |     6 |     3 ||     9
         Potion            |     3 |     1 ||     4
 Armour: Chain mail        |   117 |   101 ||   218
  Dodge: Dodged            |    85 |    97 ||   182
